 Dungeon Crawl Stone Soup version 0.27-a0-732-ga892ba84f6 (webtiles) character file.

Game seed: 3468052225890948445

77 rageheart7 the Digger (level 3, -1/27 HPs)
             Began as a Demigod Earth Elementalist on Mar 23, 2021.
             Killed from afar by Sigmund (5 damage)
             ... with a magic dart
             ... on level 3 of the Dungeon.
             The game lasted 00:03:48 (2459 turns).

rageheart7 the Digger (Demigod Earth Elementalist)  Turns: 2459, Time: 00:03:49

Health: -1/27      AC:  2    Str:  9    XL:     3   Next: 92%
Magic:  1/9        EV: 12    Int: 21    God:
Gold:   36         SH:  0    Dex: 14    Spells: 2/6 levels left

rFire    . . .     SeeInvis .   m - +2 rapier (flame)
rCold    . . .     Faith    .   (no shield)
rNeg     . . .     Spirit   .   c - +0 robe
rPois    .         Reflect  .   (no helmet)
rElec    .         Harm     .   (no cloak)
rCorr    .         Rampage  .   (no gloves)
Will     .....                  (no boots)
Stlth    ++........             (no amulet)
HPRegen  0.09/turn              (no ring)
MPRegen  0.11/turn              (no ring)

@: very slightly contaminated
A: high mp 1, forlorn
a: no special abilities


You were on level 3 of the Dungeon.
You visited 1 branch of the dungeon, and saw 3 of its levels.

You collected 36 gold pieces.

Inventory:

Hand Weapons
 m - a +2 rapier of flaming (weapon)
Missiles
 b - 85 stones
Armour
 c - a +0 robe (worn)
Wands
 k - a wand of polymorph (8)
Scrolls
 f - a scroll of teleportation {unknown}
 h - a scroll of vulnerability {unknown}
Potions
 a - a potion of flight {unknown}
 d - a potion of attraction {unknown}
 e - a potion of magic {unknown}
 g - 2 potions of curing {unknown}
 i - a potion of berserk rage {unknown}
 j - a potion of degeneration {unknown}
 l - a potion of haste {unknown}


   Skills:
 * Level 0.9 Fighting
 - Level 1.7 Dodging
 - Level 1.7 Stealth
 * Level 2.4 Spellcasting
 * Level 0.1 Conjurations
 - Level 1.3 Transmutations
 * Level 3.7 Earth Magic


You had 2 spell levels left.
You knew the following spells:

 Your Spells              Type           Power      Damage    Failure   Level
a - Sandblast             Erth           36%        2d10      3%          1
b - Stone Arrow           Conj/Erth      20%        3d8       19%         3

Your spell library contained the following spells:

 Spells                   Type           Power      Damage    Failure   Level
 Passwall                 Tmut/Erth      10%        N/A       8%          2
 Petrify                  Tmut/Erth      13%        N/A       45%         4
 Lee's Rapid Deconstruct  Erth           9%         3d8*      63%         5


Dungeon Overview and Level Annotations

Branches:
Dungeon (3/15)

Shops:
D:2 *=(

Annotations:
D:3 Sigmund


Innate Abilities, Weirdness & Mutations

Your attributes grow dramatically as you level up.
You have an increased reservoir of magic. (+10% MP)
You shall have no god before yourself.


Message History

Casting: Sandblast (safe; 3% risk of failure)
Confirm with . or Enter, or press ? or * to list all spells.
The spell is quite dangerous to cast (19% risk of failure)!
Continue anyway?
Aiming: Stone Arrow (quite dangerous; 19% risk of failure)
Press: ? - help, Shift-Dir - straight line, f - Sigmund
Aim: Sigmund, wielding a +0 scythe and wearing a +0 robe (36% to evade)
You miscast Stone Arrow.
You are very lightly contaminated with residual magic.
Nothing appears to happen.
Casting: Stone Arrow (quite dangerous; 19% risk of failure)
Confirm with . or Enter, or press ? or * to list all spells.
The spell is quite dangerous to cast (19% risk of failure)!
Continue anyway?
Aiming: Stone Arrow (quite dangerous; 19% risk of failure)
Press: ? - help, Shift-Dir - straight line, f/p - Sigmund
Aim: Sigmund, wielding a +0 scythe and wearing a +0 robe (36% to evade)
The stone arrow misses Sigmund.
Casting: Stone Arrow (quite dangerous; 19% risk of failure)
Confirm with . or Enter, or press ? or * to list all spells.
The spell is quite dangerous to cast (19% risk of failure)!
Continue anyway?
Aiming: Stone Arrow (quite dangerous; 19% risk of failure)
Press: ? - help, Shift-Dir - straight line, f/p - Sigmund
Aim: Sigmund, wielding a +0 scythe and wearing a +0 robe (36% to evade)
You miscast Stone Arrow.
Nothing appears to happen.
Sigmund points at you and mumbles some strange words.
The magic dart hits you.
Casting: Stone Arrow (quite dangerous; 19% risk of failure)
Confirm with . or Enter, or press ? or * to list all spells.
Aiming: Sandblast (safe; 3% risk of failure)
Press: ? - help, Shift-Dir - straight line, f/p - Sigmund
Aim: Sigmund, wielding a +0 scythe and wearing a +0 robe (23% to evade)
The blast of sand hits Sigmund!
Sigmund is moderately wounded.
Sigmund points at you and mumbles some strange words.
The puff of flame hits you!
Sigmund points at you and mumbles some strange words.
The puff of flame hits you!
* * * LOW HITPOINT WARNING * * *
Sigmund points at you and mumbles some strange words.
The magic dart hits you.
You die...

#.# #.#
#r# #@#
#.# #.#
#.# #.#
#@# #.#
#####
#.###...#
#.......#
#####..<#
##.## #.#
#.# #.#


You could see Sigmund and a quokka.

Vanquished Creatures
  2 adders (D:2)
  3 dart slugs
  2 ball pythons
  3 bats
  3 giant cockroaches
  6 goblins
  2 hobgoblins
  3 jackals (D:2)
  6 kobolds
  5 oozes
  5 quokkas
  5 frilled lizards
  A rat (D:1)
46 creatures vanquished.

Vanquished Creatures (others)
  An orc priest (D:3)
  4 orcs (D:3)
5 creatures vanquished.

Grand Total: 51 creatures vanquished

Notes
Turn   | Place    | Note
-------+----------+-------------------------------------------
     0 | D:1      | rageheart7 the Demigod Earth Elementalist began the quest
                  | for the Orb.
     0 | D:1      | Reached XP level 1. HP: 14/14 MP: 5/5
    50 | D:1      | Reached skill level 1 in Transmutations
   388 | D:1      | Reached skill level 3 in Earth Magic
   399 | D:1      | Reached XP level 2. HP: 18/20 MP: 4/7
  1388 | D:2      | Reached XP level 3. HP: 21/27 MP: 5/8
  1822 | D:2      | Found Qupast's General Store.
  1830 | D:2      | Found Tiemi's Jewellery Shop.
  1837 | D:2      | Found Deachim's Weapon Emporium.
  2271 | D:2      | Learned a level 3 spell: Stone Arrow
  2440 | D:3      | Noticed Sigmund
  2459 | D:3      | Killed from afar by Sigmund

Illustrated notes

Levels and vault maps discovered:
D:1:      dpeg_arrival_pits, layout_rooms
D:2:      layout_basic, serial_shops, shop_statue, shop,
          nicolae_shop_window_shopping
D:3:      gammafunk_wand_slinger, layout_loops_ring,
          grunt_temple_overflow_order_and_chaos_1, okawaru_metal_pillars_3,
          nicolae_overflow_crystal_walls, serial_shops, shop, shop, shop,
          nicolae_shop_temple_entry_statues_fountains, shop,
          kennysheep_generic_room_6, uniq_natasha, uniq_sigmund

Skill      XL: |  1  2 |
---------------+-------+-----
Transmutations | 1 |  1.3
Earth Magic    | 3 |  3.7
Spellcasting   | 2 |  2.4
Fighting       | |  0.9
Dodging        | |  1.7
Stealth        | |  1.7
Conjurations   | |  0.1

Action                   || total
-------------------------++-------
Melee: Club              ||    89
       Unarmed           ||     3
       Rapier            ||     6
 Cast: Sandblast         ||    42
       Stone Arrow       ||     1
 Stab: Sleeping          ||     2
Armor: Robe              ||    18
Dodge: Dodged            ||    95

Table legend: (Time is in decaauts)
 A = Elapsed time spent in this place.
 B = Non-inter-level travel time spent in this place.
 C = Inter-level travel time spent in this place.
 D = Time resting spent in this place.
 E = Time spent auto-exploring this place.
 F = Levels seen in this place.
 G = Mean time per level.
                   A        B        C        D        E       F      G
               +--------+--------+--------+--------+--------+-----+--------+
         Total |   2485 |   2469 |     16 |    782 |   1325 |   3 |  828.3 |
       Dungeon |   2485 |   2469 |     16 |    782 |   1325 |   3 |  828.3 |
               +--------+--------+--------+--------+--------+-----+--------+

Top non-repeatable levels by time:
     D:1: 1395 daAuts
     D:2: 1046 daAuts
     D:3: 43 daAuts
